Map: YellowJacket LE

Players

eimos - Winner!

  • Race: Zerg Zerg
  • League: Platinum
  • Spawn Location: 3:00

miked - Winner!

  • Race: Protoss Protoss
  • Spawn Location: 1:00

Nyck

  • Race: Terran Terran
  • Spawn Location: 7:00

Ekelpack

  • Race: Zerg Zerg
  • Spawn Location: 9:00

VOD

Have the link to the VOD?

Description

Time

  • Played on: Nov. 27, 2024, 3:38 p.m.
  • Length: 12:34
Show
View Real Time Build Order
Export as new Build Order

eimos Zerg - Winner!

Build Orders: Hatch First 

Get SALT Encoding   

  12  0:00  Drone  
  13  0:08  Drone  
  14  0:21  Overlord  
  14  0:40  Drone x3  
  17  0:51  Drone  
  18  1:01  Hatchery  
  17  1:05  Drone  
  18  1:14  Spawning Pool  
  18  1:16  Extractor  
  18  1:17  Drone  
  17  1:23  Drone  
  18  1:34  Drone  
  19  1:46  Drone  
  20  1:59  Overlord  
  20  2:05  Queen  
  20  2:06  Overlord  
  22  2:14  Queen  
  25  2:15  Zergling x2  
  25  2:17  Metabolic Boost  
  25  2:21  Zergling x2  
  26  2:32  Zergling x4  
  26  2:36  Drone  
  29  2:39  Zergling x2  
  30  2:54  Drone x2  
  32  3:03  Drone x2  
  33  3:13  Drone x3  
  36  3:27  Drone x5  
  36  3:29  Drone x2  
  43  3:43  Overlord x2  
  43  3:48  Lair  
  43  3:50  Hatchery  
  43  3:52  Extractor  
  41  3:55  Spore Crawler  
  41  3:56  Drone x3  
  43  4:13  Drone  
  43  4:14  Drone x4  
  48  4:17  Spore Crawler  
  48  4:23  Queen  
  46  4:25  Zergling x4  
  46  4:33  Zergling x2  
  46  4:34  Zergling x4  
  49  4:41  Roach Warren  
  48  4:54  Overseer x2  
  48  4:59  Queen  
  50  5:03  Queen  
  52  5:11  Drone x5  
  52  5:12  Drone  
  52  5:14  Evolution Chamber  
  57  5:17  Evolution Chamber  
  57  5:19  Extractor x2  
  54  5:26  Zergling x4  
  54  5:27  Zergling x8  
  60  5:37  Spore Crawler  
  60  5:41  Overlord x3  
  59  5:47  Roach x2  
  60  6:05  Roach  
  60  6:06  Roach x6  
  60  6:08  Roach  
  77  6:18  Drone  
  77  6:19  Drone x3  
  80  6:38  Zerg Ground Armor Level 1, Zerg Missile Weapons Level 1  
  80  6:47  Queen  
  82  7:12  Hydralisk Den  
  81  7:22  Overlord x3  
  81  7:23  Overlord x3  
  81  7:40  Queen x2  
  85  7:50  Hydralisk  
  85  7:51  Hydralisk x6  
  87  7:53  Hydralisk  
  101  8:04  Hydralisk x2  
  105  8:12  Hydralisk x2  
  97  8:28  Drone x3  
  97  8:29  Drone x3  
  97  8:30  Drone  
  97  8:32  Drone  
  105  8:54  Hydralisk  
  105  8:55  Hydralisk x4  
  109  9:01  Drone  
  114  9:03  Overlord  
  114  9:22  Overlord  
  114  9:23  Overlord x5  
  114  9:33  Spore Crawler  
  114  9:37  Spore Crawler  
  112  9:39  Spore Crawler  
  112  9:44  Drone  
  112  9:45  Drone x6  
  118  9:51  Pneumatized Carapace  
  118  9:56  Grooved Spines  
  118  10:06  Zerg Missile Weapons Level 2  
  118  10:07  Zerg Ground Armor Level 2  
  118  10:14  Hydralisk x2  
  122  10:25  Drone x7  
  122  10:26  Drone  
  122  10:27  Drone  
  131  10:29  Drone  
  132  10:46  Muscular Augments  
  132  10:47  Drone x3, Extractor  
  132  10:48  Drone x4  
  138  10:54  Extractor  
  163  12:33  Hatchery  
Show
View Real Time Build Order
Export as new Build Order

miked Protoss - Winner!

Build Orders: 1 Gate Expand, Double Forge, Zealot Archon 

Get SALT Encoding   

  12  0:00  Probe  
  13  0:12  Probe  
  14  0:17  Pylon  
  14  0:24  Probe  
  15  0:36  Probe  
  15  0:37  Gateway  
  16  0:44  Probe  
  16  0:45  Assimilator  
  17  0:52  Probe  
  18  1:03  Probe  
  19  1:15  Probe  
  20  1:27  Probe  
  21  1:38  Nexus  
  21  1:39  Probe  
  22  1:49  Pylon  
  22  1:51  Probe  
  22  1:54  Cybernetics Core  
  23  2:00  Assimilator  
  23  2:07  Probe  
  24  2:12  Zealot  
  26  2:19  Probe  
  27  2:30  Warp Gate  
  27  2:31  Probe  
  27  2:36  Stalker  
  28  2:41  Pylon  
  28  2:43  Probe  
  31  2:47  Twilight Council  
  31  2:52  Probe  
  31  2:56  Probe  
  33  3:04  Probe  
  34  3:09  Probe  
  34  3:12  Stalker  
  35  3:16  Probe  
  38  3:21  Probe  
  38  3:22  Gateway x2  
  39  3:28  Probe  
  39  3:33  Probe  
  41  3:40  Probe  
  42  3:43  Pylon  
  42  3:44  Twilight Council  
  42  3:45  Probe  
  43  3:50  Assimilator  
  43  3:52  Probe  
  43  3:53  Pylon  
  44  3:57  Probe  
  45  4:04  Probe  
  45  4:09  Probe  
  47  4:15  Nexus  
  47  4:17  Probe  
  48  4:21  Probe  
  48  4:24  Assimilator  
  49  4:25  Zealot x2  
  49  4:28  Charge, Sentry  
  49  4:29  Probe  
  56  4:33  Probe  
  57  4:39  Pylon  
  57  4:41  Probe  
  57  4:44  Pylon  
  58  4:45  Probe  
  59  4:53  Probe  
  59  4:54  Templar Archives  
  59  4:56  Forge  
  59  4:58  Forge  
  60  5:02  Probe  
  61  5:07  Robotics Facility  
  61  5:08  Probe  
  61  5:11  Sentry  
  64  5:15  Probe  
  64  5:19  Stalker x2  
  64  5:20  Probe  
  70  5:27  Probe  
  70  5:32  Probe  
  71  5:36  Gateway  
  71  5:40  Gateway  
  71  5:41  Protoss Ground Weapons Level 1  
  71  5:42  Photon Cannon  
  71  5:46  Probe x3  
  71  5:47  Assimilator  
  71  5:48  Psionic Storm  
  71  5:49  Assimilator  
  74  5:54  Observer  
  74  5:55  High Templar x3  
  74  5:57  Protoss Ground Armor Level 1  
  81  5:58  Probe x3  
  84  6:10  Blink  
  84  6:11  Probe x3  
  87  6:23  Probe x3  
  90  6:35  Probe x3  
  90  6:36  Zealot x3  
  90  6:38  High Templar  
  101  6:44  Photon Cannon  
  101  6:47  Photon Cannon  
  101  6:51  Photon Cannon  
  101  6:57  Pylon  
  101  6:59  Pylon  
  99  7:01  Pylon  
  99  7:02  Immortal  
  97  7:12  Photon Cannon  
  97  7:13  Probe  
  97  7:14  Probe x2  
  97  7:15  Photon Cannon  
  100  7:19  Pylon  
  100  7:22  Stalker x3, Photon Cannon  
  106  7:26  High Templar x2  
  110  7:30  Archon  
  110  7:37  Protoss Ground Weapons Level 2  
  110  7:38  Protoss Shields Level 1  
  110  7:41  Immortal  
  112  7:54  Probe  
  112  7:55  Probe x2  
  115  8:04  Stalker x5  
  125  8:07  Probe x3  
  122  8:20  Shield Battery  
  122  8:21  Photon Cannon  
  122  8:22  Pylon  
  122  8:32  Pylon  
  122  8:35  Gateway x2  
  122  8:36  Gateway, Pylon  
  122  8:37  Gateway  
  122  8:39  Pylon  
  122  8:40  Pylon  
  122  8:44  Photon Cannon  
  122  8:45  Observer  
  123  8:50  Zealot  
  123  8:51  Zealot x4  
  133  9:02  Observer  
  133  9:06  Gateway x2  
  133  9:09  Gateway, Pylon  
  132  9:14  Stalker x4  
  140  9:31  Nexus  
  140  9:33  Pylon  
  140  9:35  Assimilator  
  140  9:39  Assimilator  
  140  9:40  Stargate  
  140  9:41  Pylon  
  140  9:43  Stargate  
  140  9:44  Pylon  
  140  9:46  Pylon  
  140  9:59  High Templar x5  
  150  10:00  High Templar x2  
  150  10:01  Zealot, High Templar  
  150  10:03  Archon x2  
  150  10:04  Archon x2  
  150  10:06  Immortal  
  162  10:11  Stalker x3  
  159  10:30  Nexus  
  157  10:56  Zealot  
  157  10:57  Zealot x8  
  161  10:58  Zealot x3  
  130  11:41  Stalker x4  
  130  11:42  Stalker x8  
  132  12:11  High Templar x4  
  132  12:12  Zealot x4  
  132  12:13  Zealot x4  
  160  12:20  Robotics Facility x2  
Show
View Real Time Build Order
Export as new Build Order

Nyck Terran 

Build Orders: Reaper Expand 

Get SALT Encoding   

  12  0:00  SCV  
  13  0:12  SCV  
  14  0:17  Supply Depot  
  14  0:24  SCV  
  15  0:39  SCV  
  15  0:41  Barracks  
  16  0:51  SCV  
  16  0:55  Refinery  
  17  0:57  Refinery  
  17  1:05  SCV  
  18  1:17  SCV  
  19  1:30  Orbital Command  
  19  1:36  Reaper  
  20  1:47  Command Center  
  20  1:55  Supply Depot  
  20  1:57  SCV  
  21  2:11  Barracks Tech Lab  
  21  2:13  SCV  
  22  2:19  Supply Depot  
  22  2:29  SCV  
  23  2:31  Combat Shield  
  23  2:37  Marine  
  23  2:41  SCV  
  23  2:42  Barracks  
  25  2:53  SCV  
  26  3:13  Marine  
  27  3:22  Barracks  
  27  3:27  Factory  
  27  3:32  Barracks Reactor  
  27  3:36  Barracks  
  27  3:40  Marine  
  28  3:45  Orbital Command  
  28  3:50  Stimpack  
  28  3:58  Marine  
  28  4:02  SCV  
  30  4:11  Hellion  
  30  4:13  Barracks Reactor  
  30  4:16  Engineering Bay  
  32  4:19  Engineering Bay  
  32  4:24  SCV x2, Armory  
  34  4:32  Marine x2  
  34  4:37  Barracks Reactor  
  36  4:41  SCV x2  
  36  4:43  Terran Infantry Weapons Level 1  
  36  4:44  Refinery  
  38  4:47  Terran Infantry Armor Level 1  
  38  4:54  Starport, Factory Reactor  
  38  5:01  SCV x2  
  40  5:09  Refinery  
  40  5:13  SCV  
  40  5:14  SCV  
  42  5:15  Terran Vehicle And Ship Armor Level 1  
  42  5:20  Supply Depot  
  42  5:25  SCV, Marine  
  42  5:26  SCV, Marine  
  46  5:39  Command Center  
  46  5:41  Marine  
  46  5:42  Supply Depot  
  47  5:46  SCV x2  
  49  5:51  Medivac x2  
  49  5:56  Marine x3  
  56  5:57  Marine  
  56  6:02  Marine x2  
  59  6:06  Supply Depot  
  59  6:09  SCV x2  
  61  6:16  Marine x2  
  61  6:17  Marine x2  
  65  6:22  Medivac  
  65  6:23  Medivac  
  65  6:24  SCV  
  70  6:27  SCV  
  70  6:29  Supply Depot  
  71  6:37  Terran Infantry Weapons Level 2  
  71  6:51  Supply Depot  
  71  6:53  Terran Infantry Armor Level 2  
  71  6:55  SCV x2, Marine x2  
  71  6:56  Marine x2  
  71  6:57  Marine x2  
  71  6:58  Marine  
  80  7:03  Medivac  
  82  7:14  Supply Depot  
  82  7:16  Command Center  
  82  7:23  SCV x2  
  82  7:24  Marine x4  
  82  7:25  Marine  
  89  7:34  Marine  
  89  7:36  Marine  
  91  7:37  Supply Depot  
  91  7:40  Medivac  
  91  7:42  Refinery  
  92  7:56  Orbital Command  
  92  8:04  SCV x2  
  94  8:08  Marine x7  
  101  8:25  SCV x3  
  101  8:26  Marine x5  
  109  8:28  SCV  
  109  8:32  Refinery, Terran Vehicle And Ship Armor Level 2  
  110  8:37  SCV x3  
  110  8:38  Supply Depot  
  113  8:49  SCV x3  
  116  8:56  Terran Infantry Weapons Level 3  
  116  9:09  Terran Infantry Armor Level 3  
  116  9:12  Medivac x2  
  116  9:13  Marine  
  116  9:14  Marine x6  
  127  9:20  Supply Depot  
  127  9:31  SCV x3, Marine  
  127  9:32  Marine x6  
  137  9:42  Supply Depot  
  137  9:43  SCV x2  
  137  9:44  SCV  
  140  9:49  Marine x7  
  147  9:58  Barracks  
  147  10:03  Medivac x2  
  147  10:04  Supply Depot  
  147  10:07  Marine x4  
  151  10:10  SCV x2  
  158  10:14  Orbital Command  
  157  10:27  Supply Depot, SCV x3  
  160  10:28  Marine x2  
  160  10:29  Marine x5  
  160  10:33  Medivac x2  
  171  10:42  SCV  
  172  10:48  Marine, Barracks  
  172  10:49  Supply Depot, SCV x2, Marine x5  
  180  10:53  Barracks Reactor  
  180  11:11  Supply Depot, SCV x4, Marine x4  
  188  11:15  Marine x2  
  188  11:16  Marine  
  188  11:19  Medivac  
  188  11:20  Medivac  
  153  11:28  Marine x4  
  153  11:32  Marine  
  130  11:33  Marine  
  130  11:34  Supply Depot, Marine  
  130  11:36  Marine  
  130  11:37  Marine x2  
  116  11:40  Barracks  
  116  11:46  Marine x4  
  103  11:49  Medivac  
  103  11:50  Marine  
  103  11:51  Marine  
  103  11:52  Marine  
  102  11:54  Marine x3  
  102  11:58  Supply Depot  
  100  12:04  Marine x4  
  100  12:08  Marine  
  94  12:09  Marine x2  
  94  12:12  Marine x3  
Show
View Real Time Build Order
Export as new Build Order

Ekelpack Zerg 

Build Orders: Hatch First 

Get SALT Encoding   

  12  0:00  Drone  
  13  0:12  Overlord  
  13  0:17  Drone  
  14  0:31  Drone  
  15  0:47  Hatchery  
  14  0:52  Drone  
  15  1:05  Spawning Pool  
  15  1:08  Drone  
  15  1:12  Extractor  
  15  1:15  Drone  
  16  1:18  Drone  
  16  1:22  Drone  
  17  1:32  Drone  
  18  1:52  Queen, Zergling x2  
  21  2:00  Queen  
  23  2:10  Drone  
  23  2:13  Drone  
  25  2:18  Metabolic Boost  
  25  2:23  Drone  
  25  2:29  Drone x2  
  28  2:35  Overlord  
  28  2:39  Extractor  
  28  2:41  Drone  
  28  2:56  Drone x3  
  28  2:57  Drone  
  32  3:00  Zergling x4  
  32  3:04  Zergling x4  
  36  3:17  Overlord  
  36  3:28  Spine Crawler  
  36  3:32  Spine Crawler, Lair  
  36  3:33  Overlord  
  34  3:37  Zergling x6  
  37  3:51  Drone x3  
  37  3:54  Drone x3  
  43  4:00  Extractor  
  42  4:08  Drone x2  
  44  4:14  Overlord  
  43  4:36  Drone x3  
  46  4:39  Extractor  
  46  4:40  Zergling x6  
  46  4:41  Zergling x4  
  46  4:44  Drone  
  51  4:49  Spire  
  50  4:56  Pneumatized Carapace  
  50  5:01  Drone  
  51  5:35  Overlord x2  
  51  5:36  Overlord  
  51  6:01  Mutalisk x3  
  51  6:02  Mutalisk x7  
  51  6:03  Mutalisk x2  
  75  6:05  Overlord  
  75  6:09  Zerg Flyer Weapons Level 1  
  75  6:25  Hatchery  
  74  6:37  Drone  
  74  6:38  Drone x2  
  77  6:45  Mutalisk x2  
  77  6:46  Overlord, Mutalisk x2  
  85  7:09  Mutalisk x2  
  85  7:10  Zergling x2, Mutalisk  
  85  7:11  Zergling x8  
  96  7:25  Overlord  
  96  7:39  Drone x3  
  96  7:40  Drone x2  
  96  7:41  Infestation Pit  
  97  8:11  Mutalisk x3  
  97  8:12  Mutalisk x2  
  107  8:20  Zergling x12  
  107  8:22  Overlord x2  
  107  8:24  Extractor  
  107  8:26  Queen  
  107  8:27  Extractor  
  113  8:28  Overseer x2  
  113  8:30  Overlord x2  
  113  8:41  Hive  
  113  8:42  Zerg Flyer Weapons Level 2  
  111  9:12  Drone x4  
  111  9:13  Drone x7  
  111  9:14  Drone x2  
  124  9:33  Evolution Chamber x2  
  122  9:43  Drone x3  
  125  9:59  Overlord x2  
  125  10:02  Ultralisk Cavern  
  124  10:13  Hatchery  
  119  10:52  Adrenal Glands  
  119  10:54  Overlord  
  119  10:57  Overlord x4  
  119  10:58  Overlord  
  119  11:03  Chitinous Plating  
  119  11:05  Ultralisk x4  
  97  11:37  Ultralisk  
  97  11:38  Ultralisk x2  
Tags
 
Add a new tag
Caveats
  • Supply blocks, unpowered buildings, or Contaminate may cause inaccurate times.
  • Supply counts are checked every 10 seconds.